 Dungeon Crawl Stone Soup version 0.14-a0-586-g2535b90 (webtiles) character file.

123 JacquesDerrida the Slasher (level 4, 10/39 HPs)
             Began as a Naga Skald on Nov 4, 2013.
             Quit the game on Level 1 of the Dungeon.
             The game lasted 00:03:10 (2446 turns).

JacquesDerrida the Slasher (Naga Skald)             Turns: 2446, Time: 00:03:10

HP  10/39        AC  2     Str 14      XL: 4   Next: 33%
MP   8/8         EV  9     Int 13      God:
Gold 46          SH  0     Dex 11      Spells:  1 memorised,  6 levels left

Res.Fire  : . . .   See Invis. : +   a - +0 falchion
Res.Cold  : . . .   Warding    : .   b - +0 leather armour
Life Prot.: . . .   Conserve   : .   (no shield)
Res.Poison: +       Res.Corr.  : .   (no helmet)
Res.Elec. : .       Clarity    : .   (no cloak)
Sust.Abil.: . .     Spirit.Shd : .   (no gloves)
Res.Mut.  : .       Stasis     : .   (no barding)
Res.Rott. : .       Flight     : .   (no amulet)
Saprovore : . . .                    (no ring)
                                     (no ring)

@: very slow, slightly resistant to hostile enchantments, very unstealthy
A: spit poison, see invisible, deformed body, poison resistance, slowness 2, AC
+1
a: Spit Poison


You were on level 1 of the Dungeon.
You were hungry.

You visited 1 branch of the dungeon, and saw 2 of its levels.

You collected 46 gold pieces.

Inventory:

Hand weapons
 a - a +0,+0 falchion (weapon)
Missiles
 i - 8 needles of confusion
Armour
 b - a +0 leather armour (worn)
Comestibles
 d - a bread ration
 f - a pear
Scrolls
 g - 2 scrolls of enchant weapon II {unknown}
 h - 2 scrolls of identify {unknown}
 j - a scroll of enchant armour {unknown}
 l - a scroll of enchant weapon I {unknown}
 m - 3 scrolls of fear {unknown}
 n - a scroll of amnesia {unknown}
Potions
 e - a potion of mutation {unknown}
 k - a potion of slowing {unknown}
 o - a potion of poison {unknown}
Books
 c - a book of Battle

   Spells                             Type                      Level
   *Infusion                          Charms                       1
   Shroud of Golubria                 Charms/Translocation         2
   Song of Slaying                    Charms                       2
   Spectral Weapon                    Hexes/Charms                 3
   Regeneration                       Charms/Necromancy            3


   Skills:
 - Level 2.0 Fighting
 + Level 4.4 Long Blades
 - Level 0.7 Armour
 - Level 0.7 Dodging
 - Level 2.0 Spellcasting
 - Level 3.0 Charms


You had 6 spell levels left.
You knew the following spells:

 Your Spells              Type           Power        Failure   Level  Hunger
a - Infusion              Chrm           #.....       10%         1    ##.....


Dungeon Overview and Level Annotations

Branches:
Dungeon (2/27)

Altars:


Innate Abilities, Weirdness & Mutations

You cannot wear boots.
You can spit poison.
Your serpentine skin is tough (AC +1).
You have supernaturally acute eyesight.
Armour fits poorly on your strangely shaped body.
Your system is resistant to poisons.
You cover ground very slowly.


Message History

The quokka is severely wounded.
You are feeling hungry.
The quokka barely misses you.
You hit the quokka.
You kill the quokka!
There is an open door here.
There is a stone staircase leading up here.
You can't go down here!
You climb upwards.
The kobold shouts!
The kobold throws a dart.
The dart misses you.
There is a stone staircase leading down here.
You see here a dart.
Eat which item? (? for menu, Esc to quit)
You can't eat that!
You are too injured to fight recklessly!
You are too injured to fight recklessly!
Quiver which item? (- for none, * to show all) (? for menu, Esc to quit)
Okay, then.
Are you sure you want to abandon this character and quit the game? (Confirm with "yes".)

..####......###...###....# #.#
..# ######.#######.####.# #.#
..#########.#.....#......###.####
............####....####.........
######.###### #..#### ##...#####
#.# #..# #...# #.# ######..#
#...# #.# #.......# #...# #.#
#.###..@# #...# #.# #.K.....#
#...# ####.###..#...... .#...#
###....##........### ###...#
..........#####..# #...#
.#.#.#.##...# ..## #...#
.......###..# ### #...# .#.#.#..
.... ..# .......#. ###.#


You could see a kobold.

Vanquished Creatures
  3 adders (D:2)
  A giant mite (D:2)
  An inept feature mimic (D:2)
  A giant gecko (D:1)
  A ball python (D:2)
  6 bats
  3 giant cockroaches
  4 goblins
  6 hobgoblins
  2 quokkas (D:2)
  A giant newt (D:2)
  3 kobolds
  4 rats
36 creatures vanquished.

Notes
Turn   | Place    | Note
--------------------------------------------------------------
     0 | D:1      | JacquesDerrida, the Naga Skald, began the quest for the Orb.
     0 | D:1      | Reached XP level 1. HP: 18/18 MP: 3/3
   513 | D:1      | Reached XP level 2. HP: 11/25 MP: 5/5
  1567 | D:2      | Reached XP level 3. HP: 24/31 MP: 6/6
  1727 | D:2      | Reached skill level 4 in Long Blades
  1980 | D:2      | Reached XP level 4. HP: 27/39 MP: 8/8
  2446 | D:1      | Quit the game

Action                   |  1- 3 |  4- 6 || total
-------------------------+-------+-------++-------
Melee: Falchion          |   139 |    39 ||   178
